 Dungeon Crawl Stone Soup version 0.31-a0-210-gccc998df9b (webtiles) character file.

Game seed: 2596361008402699203

2969 rabbitsville the Geomancer (level 9, 0/62 HPs)
             Began as a Hill Orc Earth Elementalist on June 30, 2023.
             Was a Follower of Sif Muna.
             Slain by a gnoll
             ... wielding a +0 club
             ... led by a gnoll sergeant
              (1 damage)
             ... on level 8 of the Dungeon.
             The game lasted 00:20:39 (8524 turns).

rabbitsville the Geomancer (HOEE)                   Turns: 8524, Time: 00:20:40

Health: 0/62       AC:  9    Str: 11    XL:     9   Next: 82%
Magic:  10/18      EV:  8    Int: 19    God:    Sif Muna [*.....]
Gold:   347        SH: 10    Dex: 11    Spells: 19/20 levels left

rFire   + . .        h - +1 dagger (venom)
rCold   + . .        k - +2 kite shield
rNeg    . . .        l - +1 ring mail {Will+}
rPois   +            (no helmet)
rElec   +            (no cloak)
rCorr   +            f - +0 pair of gloves
SInv    .            F - +0 pair of boots
Will    ++...        (no amulet)
Stlth   +            z - ring of flight
HPRegen 0.30/turn    L - ring of willpower
MPRegen 0.16/turn

%: no passive effects
@: mighty, brilliant, resistant, flying
A: no striking features
a: Renounce Religion, Channel Magic


You were on level 8 of the Dungeon.
You worshipped Sif Muna.
Sif Muna was aware of your devotion.
You visited 2 branches of the dungeon, and saw 9 of its levels.

You collected 347 gold pieces.

Inventory:

Hand Weapons
 d - a +0 spear
 h - a +1 dagger of venom (weapon)
Armour
 a - a +0 robe
 f - a +0 pair of gloves (worn)
 k - a +2 kite shield (worn)
 l - a +1 ring mail of willpower (worn)
 F - a +0 pair of boots (worn)
Jewellery
 u - an amulet of guardian spirit
 z - a ring of flight (left hand)
 G - a ring of see invisible
 L - a ring of willpower (right hand)
Wands
 v - a wand of quicksilver (2)
 A - a wand of flame (11)
 D - a wand of iceblast (3)
 K - a wand of mindburst (4)
Scrolls
 c - 2 scrolls of enchant weapon {unknown}
 e - a scroll of revelation {unknown}
 m - a scroll of enchant armour {unknown}
 n - 5 scrolls of identify
 o - 2 scrolls of immolation {unknown}
 t - a scroll of amnesia {unknown}
 w - 3 scrolls of teleportation
 x - a scroll of torment {unknown}
 y - 3 scrolls of fog {unknown}
 C - a scroll of poison {unknown}
 I - a scroll of fear {unknown}
 J - 2 scrolls of blinking {unknown}
 N - a scroll of noise {unknown}
Potions
 b - a potion of magic
 g - a potion of might
 i - a potion of brilliance
 j - 2 potions of haste
 p - a potion of degeneration
 q - a potion of resistance
 s - 2 potions of invisibility {unknown}
 B - a potion of mutation {unknown}
 E - a potion of heal wounds {unknown}
 H - a potion of attraction {unknown}
 M - a potion of berserk rage {unknown}
 O - a potion of enlightenment {unknown}


   Skills:
 + Level 4.2 Armour
 - Level 2.0 Dodging
 - Level 1.5 Stealth
 - Level 3.3 Shields
 * Level 6.4 Spellcasting
 + Level 3.3 Conjurations
 - Level 0.6 Transmutations
 * Level 8.7 Earth Magic


You had 19 spell levels left.
You knew the following spells:

 Your Spells              Type           Power      Damage    Failure   Level
a - Sandblast             Erth           100%       2d20      2%          1

Your spell library contained the following spells:

 Spells                   Type           Power      Damage    Failure   Level
 Passwall                 Tmut/Erth      29%        N/A       22%         2
 Stone Arrow              Conj/Erth      86%        3d12      26%         3
 Petrify                  Tmut/Erth      35%        N/A       82%         4
 Ozocubu's Armour         Ice            9%         N/A       96%         3
 Vhi's Electric Charge    Tloc/Air       18%        N/A       96%         3
 Arcjolt                  Conj/Air       9%         1d19      100%        5
 Metabolic Englaciation   Hex/Ice        4%         N/A       100%        5
 Plasma Beam              Fire/Air       4%         2x1d14    100%        6
 Simulacrum               Ice/Necr       4%         N/A       100%        6
 Ozocubu's Refrigeration  Ice            4%         4d8       100%        7
 Maxwell's Capacitive Co  Air            4%         ∞         100%        8


Dungeon Overview and Level Annotations

Branches:
Dungeon (8/15)             Temple (1/1) D:4
   Lair: D:8-11

Altars:
Ashenzari
Cheibriados
Elyvilon
Fedhas
Gozag
Kikubaaqudgha
Makhleb
Nemelex Xobeh
Qazlal
Ru
Sif Muna
Trog
Xom
Zin
The Shining One

Shops:
D:3 (

Annotations:
D:7 1 runed translucent door, Crazy Yiuf


Message History

You feel better. You block the gnoll's attack.
The gnoll hits you but does no damage.
The gnoll sergeant hits you from afar with a +3 trident of flaming.
* * * LOW HITPOINT WARNING * * *
The gnoll sergeant burns you.
* * * LOW HITPOINT WARNING * * *
The gnoll hits you with a +0 club.
* * * LOW HITPOINT WARNING * * *
You feel better. You block the gnoll's attack.
The gnoll sergeant hits you from afar with a +3 trident of flaming.
* * * LOW HITPOINT WARNING * * *
The gnoll sergeant burns you.
* * * LOW HITPOINT WARNING * * *
The gnoll barely misses you.
You feel better. The gnoll hits you with a +0 club.
* * * LOW HITPOINT WARNING * * *
You block the gnoll's attack.
The gnoll sergeant hits you from afar with a +3 trident of flaming.
* * * LOW HITPOINT WARNING * * *
The gnoll sergeant burns you.
* * * LOW HITPOINT WARNING * * *
You block the gnoll's attack.
It was a potion of might.
You feel very mighty all of a sudden. The gnoll hits you but does no damage.
You block the gnoll sergeant's attack. The gnoll barely misses you.
It was a potion of brilliance.
You feel clever all of a sudden. The gnoll hits you but does no damage.
You block the gnoll's attack.
The gnoll sergeant hits you from afar with a +3 trident of flaming.
* * * LOW HITPOINT WARNING * * *
The gnoll sergeant burns you.
* * * LOW HITPOINT WARNING * * *
The gnoll completely misses you.
Unknown command.
You are too injured to fight recklessly!
It was a potion of resistance.
You feel protected. The gnoll hits you with a +0 club.
You die...

#......+ #......#
#......# ## #+#......##
#..##.###.....#
#.......'.....+ ..
#.......#.....# ...
##+###..#.....######....
##'####...g@.......
#.)...#...gg.......
#.....#..g.........
#)#####............
###)#....)......####.
#...#...........#
#...#...........#
#...#...........#
#...'...........#


You could see a gnoll sergeant and 3 gnolls.

Vanquished Creatures
  Joseph (D:7)
  Grinder (D:5)
  Prince Ribbit (D:5)
  A wraith (D:7)
  2 steam dragons
  2 water moccasins (D:7)
  An ice beast (D:6)
  An ogre (D:4)
  A centaur (D:7)
  A phantom (D:7)
  3 bullfrogs (D:7)
  3 scorpions
  4 wights (D:7)
  A howler monkey (D:5)
  2 crimson imps
  5 hounds
  2 jellies (D:7)
  3 orc priests
  An iguana (D:4)
  4 orc wizards
  Ijyb (D:5)
  2 gnolls (D:8)
  4 adders
  A shadow imp (D:7)
  3 white imps
  3 worms
  3 dart slugs
  19 orcs
  2 ball pythons (D:4)
  5 endoplasms
  A giant cockroach (D:4)
  10 goblins
  7 hobgoblins
  2 quokkas
  6 bats
  5 frilled lizards
  3 goblin zombies (D:4)
  2 hobgoblin zombies (D:4)
  8 kobolds
  2 kobold skeletons (D:4)
  An orc skeleton (D:4)
  21 rats
151 creatures vanquished.

Notes
Turn   | Place    | Note
-------+----------+-------------------------------------------
     0 | D:1      | rabbitsville the Hill Orc Earth Elementalist began the
                  | quest for the Orb.
     0 | D:1      | Reached XP level 1. HP: 14/14 MP: 3/3
   466 | D:1      | Reached XP level 2. HP: 20/20 MP: 2/4
  1199 | D:2      | Reached XP level 3. HP: 26/26 MP: 4/6
  1862 | D:2      | Reached XP level 4. HP: 33/33 MP: 0/7
  2438 | D:2      | Reached skill level 4 in Earth Magic
  2584 | D:3      | Found Baynosso's Antique Weapon Shop.
  2744 | D:3      | Reached skill level 1 in Shields
  2744 | D:3      | Reached XP level 5. HP: 26/38 MP: 4/9
  3597 | D:4      | Found a glowing golden altar of the Shining One.
  3787 | D:4      | Found a staircase to the Ecumenical Temple.
  3794 | D:4      | Reached XP level 6. HP: 44/45 MP: 7/10
  3800 | Temple   | Entered the Ecumenical Temple
  4137 | D:4      | Found a blossoming altar of Fedhas.
  4288 | D:4      | Reached skill level 5 in Earth Magic
  4413 | D:4      | Reached XP level 7. HP: 38/50 MP: 2/12
  4534 | D:4      | Found a sparkling altar of Nemelex Xobeh.
  4779 | D:5      | Entered Level 5 of the Dungeon
  4938 | D:5      | Noticed Ijyb
  5006 | D:5      | Killed Ijyb
  5263 | D:5      | Noticed Prince Ribbit
  5272 | D:5      | Killed Prince Ribbit
  5273 | D:5      | Reached skill level 6 in Earth Magic
  5600 | D:5      | Noticed Grinder
  5611 | D:5      | Killed Grinder
  5612 | D:5      | Reached skill level 1 in Armour
  5612 | D:5      | Reached XP level 8. HP: 48/57 MP: 7/15
  5914 | D:5      | Found a shimmering blue altar of Sif Muna.
  5922 | D:5      | Became a worshipper of Sif Muna the Loreminder
  6231 | D:6      | Found an ancient bone altar of Kikubaaqudgha.
  6289 | D:6      | Found a broken altar of Ashenzari.
  6413 | D:6      | Reached skill level 5 in Spellcasting
  6413 | D:6      | Reached skill level 7 in Earth Magic
  6781 | D:6      | Found a snail-covered altar of Cheibriados.
  6908 | D:7      | Reached skill level 1 in Conjurations
  7026 | D:7      | Reached XP level 9. HP: 45/62 MP: 8/17
  7478 | D:7      | Noticed Joseph
  7491 | D:7      | Killed Joseph
  7492 | D:7      | Reached skill level 8 in Earth Magic
  7774 | D:7      | Found a runed translucent door.
  7775 | D:7      | Noticed Crazy Yiuf
  8222 | D:7      | Reached * piety under Sif Muna
  8243 | D:7      | Found a shimmering altar of Xom.
  8243 | D:7      | Found a burning altar of Makhleb.
  8519 | D:8      | HP: 1/62 [gnoll/+0 club[a gnoll sergeant] (4)]
  8524 | D:8      | Slain by a gnoll

Illustrated notes

Levels and vault maps discovered:
D:1:      minmay_arrival_three_doors, layout_loops_corners,
          grunt_decor_one_mirror
D:2:      layout_basic, small_statue_intersection, minmay_rat_hole
D:3:      layout_loops_ring, serial_shops, shop
D:4:      layout_loops_cross, nemelex_dance_club_becter,
          nicolae_tso_besieged_by_evil, mainiacjoe_overflow_paths,
          minmay_temple_entry_large_hall
D:5:      layout_loops_ring, lemuel_coloured_pillars_altar, uniq_prince_ribbit1,
          uniq_grinder, uniq_ijyb
D:6:      layout_loops_ring, mainiacjoe_overflow_chevrons, old_standard_altar,
          chei_slow_surprise
D:7:      layout_loops_cross, grunt_temple_overflow_champion_of_chaos,
          st_stairs_3, uniq_joseph, uniq_crazy_yiuf_cottage
D:8:      layout_gridville, lemuel_tele_altar, marbit_many_paths,
          yredelemnul_forgotten_temple_becter, uniq_grum
Temple:   nicolae_temple_bog_church

Skill      XL: |  1  2  3  4  5  6  7  8  9 |
---------------+----------------------------+-----
Spellcasting   | 2 3 4 5 6 |  6.4
Dodging        | 2 |  2.0
Earth Magic    | 4 5 6 7 8 |  8.7
Shields        | 1 2 3 |  3.3
Armour         | 1 2 4 |  4.2
Conjurations   | 1 3 |  3.3
Stealth        | |  1.5
Transmutations | |  0.6

Action                     |  1- 3 |  4- 6 |  7- 9 || total
---------------------------+-------+-------+-------++-------
  Melee: Spear             |     6 |       |       ||     6
         Dagger            |       |     2 |       ||     2
   Cast: Sandblast         |    69 |    90 |   184 ||   343
    Use: Potion            |       |       |     8 ||     8
         Scroll            |       |       |     1 ||     1
 Armour: Robe              |     5 |       |       ||     5
         Ring mail         |     1 |    14 |    43 ||    58
  Dodge: Dodged            |    19 |    15 |    56 ||    90
  Block: Kite shield       |       |       |    58 ||    58

Table legend: (Time is in decaauts)
 A = Elapsed time spent in this place.
 B = Non-inter-level travel time spent in this place.
 C = Inter-level travel time spent in this place.
 D = Time resting spent in this place.
 E = Time spent auto-exploring this place.
 F = Levels seen in this place.
 G = Mean time per level.
                   A        B        C        D        E       F      G
               +--------+--------+--------+--------+--------+-----+--------+
         Total |   8712 |   8366 |    346 |    905 |   5990 |   9 |  968.0 |
       Dungeon |   8462 |   8116 |    346 |    905 |   5803 |   8 | 1057.8 |
        Temple |    250 |    250 |      0 |      0 |    187 |   1 |  250.0 |
               +--------+--------+--------+--------+--------+-----+--------+

Top non-repeatable levels by time:
     D:7: 1376 daAuts
     D:2: 1374 daAuts
     D:1: 1211 daAuts
     D:4: 1194 daAuts
     D:5: 1078 daAuts
     D:6: 1061 daAuts
     D:3: 1008 daAuts
  Temple: 250 daAuts
     D:8: 156 daAuts
